 Dungeon Crawl Stone Soup version 0.24.1-4-ge52af88ad5 (webtiles) character file.

Game seed: 6979965281661329790, levelgen mode: deterministic

86 kandel6 the Conjurer (level 4, -8/28 HPs)
             Began as an Octopode Fire Elementalist on Apr 15, 2020.
             Mangled by hitsuchi's ghost (11 damage)
             ... on level 3 of the Dungeon on Apr 17, 2020.
             The game lasted 00:14:36 (2501 turns).

kandel6 the Conjurer (Octopode Fire Elementalist)   Turns: 2501, Time: 00:14:36

Health: -8/28      AC:  1    Str:  7    XL:     4   Next: 50%
Magic:  1/7        EV: 13    Int: 18    God:
Gold:   161        SH:  0    Dex: 12    Spells: 3/7 levels left

rFire    . . .     SeeInvis .   l - +1 trident (pierce)
rCold    . . .     Gourm    .   (no shield)
rNeg     . . .     Faith    .   (helmet restricted)
rPois    .         Spirit   .   (no amulet)
rElec    .         Reflect  .   (no ring)
rCorr    .         Harm     .   (no ring)
MR       .....                  (no ring)
Stlth    +++.......             (no ring)
HPRegen  0.09/turn              (no ring)
MPRegen  0.10/turn              (no ring)
                                (no ring)
                                (no ring)

@: no status effects
A: almost no armour, stealthy swim, amphibious, 8 rings, constrict 8, camouflage
1, gelatinous body 1
a: no special abilities


You were on level 3 of the Dungeon.
You were not hungry.

You visited 1 branch of the dungeon, and saw 3 of its levels.

You collected 161 gold pieces.

Inventory:

Hand Weapons
 l - a +1 trident of piercing (weapon)
 m - a +1 short sword of electrocution
Missiles
 f - 26 stones (quivered)
Wands
 k - a wand of enslavement (5)
Scrolls
 c - 2 scrolls of identify
 e - a scroll of amnesia {unknown}
 j - a scroll of remove curse
 n - 2 scrolls of fear {unknown}
Potions
 a - a potion of haste {unknown}
 d - 2 potions of might {unknown}
 g - 2 potions of curing {unknown}
 h - 2 potions of heal wounds
 i - a potion of berserk rage
 o - 2 potions of agility {unknown}
Comestibles
 b - 5 rations
 p - a chunk of flesh


   Skills:
 - Level 1.1 Fighting
 - Level 2.0 Dodging
 - Level 2.6 Stealth
 - Level 2.0 Spellcasting
 + Level 3.9 Conjurations
 - Level 3.0 Fire Magic


You had 3 spell levels left.
You knew the following spells:

 Your Spells              Type           Power        Failure   Level  Hunger
a - Flame Tongue          Conj/Fire      ##...        4%          1    #......
b - Conjure Flame         Conj/Fire      ##......     13%         3    ###....

Your spell library contained the following spells:

 Spells                   Type           Power        Failure   Level  Hunger
 Throw Flame              Conj/Fire      ##....       7%          2    ###....
 Inner Flame              Hex/Fire       #.......     28%         3    ###....
 Sticky Flame             Conj/Fire      ##......     41%         4    #####..
 Fireball                 Conj/Fire      ##........   77%         5    ######.


Dungeon Overview and Level Annotations

Branches:
Dungeon (3/15)

Altars:

Annotations:
D:3 hitsuchi's ghost, amateur OpCK


Innate Abilities, Weirdness & Mutations

You cannot wear most types of armour.
You are very stealthy in the water. (Stealth+)
You are amphibious.
You can wear up to eight rings at the same time.
You can use your tentacles to constrict eight enemies at once.
Your skin changes colour to match your surroundings (Stealth+).
Your rubbery body absorbs attacks. (AC +1, EV +1)


Message History

Hitsuchi's ghost is moderately damaged.
Hitsuchi's ghost hits you. The eye of draining gazes at you.
You feel your power leaking away.
You closely miss hitsuchi's ghost.
Hitsuchi's ghost is moderately damaged.
Hitsuchi's ghost hits you!
* * * LOW HITPOINT WARNING * * *
You hit hitsuchi's ghost. You squeeze hitsuchi's ghost!
Hitsuchi's ghost is severely damaged.
Hitsuchi's ghost misses you. Hitsuchi's ghost closely misses you.
You miss hitsuchi's ghost.
Hitsuchi's ghost is severely damaged.
Hitsuchi's ghost closely misses you. The eye of draining gazes at you.
You feel your power leaking away.
You barely miss hitsuchi's ghost.
Hitsuchi's ghost is severely damaged.
Hitsuchi's ghost hits you!
You die...

........### #
#.#...### ##.#.
#.#.).....##. .>..
.......##.... ...#
#.#.##.##..#.###..#
..#.# ..$.........
###.#####..#..#..###
.. .$...#..#..#§§
.......$..@WG§
#......^.#§§
#..##.#..###
#.....)...#
##.#......#
#.#.##...#
#.#......#
#........#
###......#


You could see an eye of draining and hitsuchi's ghost.

Vanquished Creatures
  5 adders
  A dart slug (D:1)
  2 leopard geckos
  3 bats
  2 giant cockroaches (D:3)
  2 goblins
  7 hobgoblins
  4 jackals (D:1)
  3 kobolds
  A quokka (D:2)
  A frilled lizard (D:1)
  3 rats
34 creatures vanquished.

Notes
Turn   | Place    | Note
-------+----------+-------------------------------------------
     0 | D:1      | kandel6 the Octopode Fire Elementalist began the quest for
                  | the Orb.
     0 | D:1      | Reached XP level 1. HP: 11/11 MP: 3/3
   246 | D:1      | Reached skill level 1 in Fighting
   334 | D:1      | You fall into a shaft and drop 1 floor!
   441 | D:1      | Reached XP level 2. HP: 18/18 MP: 0/5
   956 | D:2      | Reached XP level 3. HP: 17/23 MP: 0/6
  1221 | D:2      | Learned a level 3 spell: Conjure Flame
  1525 | D:2      | Reached XP level 4. HP: 28/28 MP: 2/7
  2484 | D:3      | Found a runed translucent door.
  2486 | D:3      | Noticed hitsuchi's ghost (amateur OpCK)
  2493 | D:3      | Noticed an eye of draining
  2501 | D:3      | Mangled by hitsuchi's ghost

Levels and vault maps discovered:
D:1:      matt_arrival_diagonals, layout_basic
D:2:      layout_loops_cross, first_ration, corexii_item_surrounded_by_moat
D:3:      layout_loops_cross, ebering_ghost_inner_flame

Skill      XL: |  1  2  3 |
---------------+----------+-----
Fighting       | 1 |  1.1
Conjurations   | 2 3 |  3.9
Dodging        | |  2.0
Stealth        | |  2.6
Spellcasting   | |  2.0
Fire Magic     | |  3.0

Action                   |  1- 3 |  4- 6 || total
-------------------------+-------+-------++-------
Melee: Unarmed           |     6 |       ||     6
       Tentacles         |     5 |     1 ||     6
       Constrict         |     4 |     2 ||     6
       Club              |     5 |       ||     5
       Trident           |       |    11 ||    11
Throw: Stone             |     2 |     4 ||     6
 Cast: Flame Tongue      |    49 |    15 ||    64
  Use: Scroll            |       |     3 ||     3
 Stab: Sleeping          |       |     2 ||     2
  Eat: Chunk             |     2 |       ||     2
       Ration            |       |     1 ||     1
Armor: Skin              |     3 |       ||     3
Dodge: Dodged            |    20 |     9 ||    29
